 Dungeon Crawl Stone Soup version 0.32-a0-42-ga30500b4d3 (webtiles) character file.

Game seed: 15402179726782984328

725 iamserjio the Firebug (level 7, -2/36 HPs)
             Began as a Tengu Fire Elementalist on Feb 2, 2024.
             Slain by a gnoll bouda
             ... wielding a +0 whip
              (10 damage)
             ... on level 4 of the Dungeon.
             The game lasted 00:08:31 (1360 turns).

iamserjio the Firebug (Tengu Fire Elementalist)     Turns: 1360, Time: 00:08:31

Health: -2/36      AC:  2    Str:  8    XL:     7   Next: 72%
Magic:  5/14       EV: 31    Int: 17    God:
Gold:   238        SH:  5    Dex: 15    Spells: 4/14 levels left

rFire   . . .        g - +0 short sword (venom)
rCold   . . .        (no shield)
rNeg    . . .        a - +0 robe
rPois   .            (helmet restricted)
rElec   .            (no cloak)
rCorr   .            (no gloves)
SInv    .            (boots unavailable)
Will    .....        r - amulet of reflection
Stlth   ++           (no ring)
HPRegen 0.26/turn    (no ring)
MPRegen 0.14/turn

%: reflection, acrobat
@: acrobatic, flying
A: beak, talons 3, evasive flight, acrobatic
a: no special abilities


You were on level 4 of the Dungeon.
You visited 1 branch of the dungeon, and saw 5 of its levels.

You collected 238 gold pieces.

Inventory:

Hand Weapons
 c - a +0 war axe
 g - a +0 short sword of venom (weapon)
 i - a +1 dagger of venom
 l - a +2 dagger of flaming
Missiles
 o - 3 poisoned darts
Armour
 a - a +0 robe (worn)
Magical Staves
 s - a staff of earth
Jewellery
 r - an amulet of reflection (around neck)
 t - a ring of protection from fire
Scrolls
 d - a scroll of teleportation {unknown}
 e - a scroll of brand weapon {unknown}
 j - a scroll of identify {unknown}
 k - a scroll of poison {unknown}
 m - a scroll of noise {unknown}
 n - 2 scrolls of immolation {unknown}
 p - a scroll of blinking {unknown}
Potions
 f - 6 potions of curing {unknown}
 h - a potion of attraction {unknown}
 q - a potion of might {unknown}
 u - 2 potions of ambrosia {unknown}


   Skills:
 - Level 2.1 Dodging
 - Level 2.0 Stealth
 + Level 4.1 Spellcasting
 + Level 5.3 Conjurations
 - Level 1.0 Hexes
 * Level 7.1 Fire Magic


You had 4 spell levels left.
You knew the following spells:

 Your Spells              Type           Power      Damage    Failure   Level
a - Foxfire               Conj/Fire      96%        2x1d8     1%          1
b - Scorch                Fire           54%        2d7       1%          2
c - Inner Flame           Hex/Fire       17%        N/A       9%          3
d - Flame Wave            Conj/Fire      24%        2d8       12%         4

Your spell library contained the following spells:

 Spells                   Type           Power      Damage    Failure   Level
 Volatile Blastmotes      Fire/Tloc      30%        2d12      11%         3
 Sandblast                Erth           6%         2d5       16%         1
 Stone Arrow              Conj/Erth      24%        3d8       16%         3
 Gell's Gravitas          Tloc           3%         N/A       43%         3
 Passwall                 Erth           3%         N/A       43%         3
 Teleport Other           Tloc           3%         N/A       43%         3
 Brom's Barrelling Bould  Conj/Erth      12%        2d4       45%         4
 Dispersal                Tloc           1%         N/A       100%        6


Dungeon Overview and Level Annotations

Branches:
Dungeon (5/15) Zot: 26760
 Temple: D:4-7

Altars:
Makhleb

Portals:
Abyss: D:4

Annotations:
D:4 2 transporters, Wiebster667's ghost, amateur OnGl


Innate Abilities, Weirdness & Mutations

You have a beak for a mouth.
You have claws for feet.
Your magical flight helps you evade attacks. (EV +4)
You can magically evade attacks while moving or waiting.


Message History

The orc wizard looks as sick as possible!
Your kick misses the orc wizard. Your peck misses the orc wizard.
The orc wizard misses you.
Casting: Foxfire (safe; 1% risk of failure)
Press: ? - help, Q - select action, (/) - cycle Dir - look around, f - activate You conjure some foxfire!
You kill the orc wizard!
Your foxfire dissipates!
The foxfire hits the gnoll bouda.
The gnoll bouda gazes fiercely through you!
You feel your attacks grow feeble.
The gnoll shouts!
You aren't carrying any items that you can evoke.
Unknown command.
Magic courses through your body.
Casting: Foxfire (safe; 1% risk of failure) Flames lash the gnoll bouda.
The gnoll bouda's fire resistance burns away.
Casting: Scorch (safe; 1% risk of failure) Flames lash the gnoll bouda.
The gnoll bouda is burned terribly!
You block the gnoll's attack. The gnoll bouda closely misses you.
Casting: Scorch (safe; 1% risk of failure) Flames lash the gnoll.
The gnoll's fire resistance burns away.
You block the gnoll's attack. The gnoll bouda closely misses you.
Casting: Scorch (safe; 1% risk of failure) Flames lash the gnoll.
The gnoll's fire resistance burns away.
You block the gnoll's attack. The gnoll bouda completely misses you.
Casting: Scorch (safe; 1% risk of failure) Flames lash the gnoll.
The gnoll is burned terribly!
Your attacks no longer feel as feeble.
The gnoll completely misses you.
The gnoll bouda hits you with a +0 whip.
* * * LOW HITPOINT WARNING * * *
The gnoll is no longer moving quickly.
The gnoll bouda hits you with a +0 whip.
* * * LOW HITPOINT WARNING * * *
The gnoll completely misses you.
The gnoll bouda attacks as it pursues you!
The gnoll bouda hits you with a +0 whip!
You die...

...# ### #.###.####.# .# #).#
#.# #.# #.# .#
#..#############.####.# .#
#...............)...#.# ##
#.##############g##.#.#
....#......#####.##.#.#
..#.#.####......g...#.#
###.#.##########g####.#
...........# #@# #.#
...........# #.# #.#
...........#####.####.#
......................########.#
...........#####.####..........#
.....####### #.# #.########.#
.....###########.# #.#
#+###............# #.#
#......#####.## #.#


You could see a gnoll bouda (combustible) and 2 gnolls.

Vanquished Creatures
  Menkaure (D:5)
  A centaur (D:4)
  Blork the orc (D:5)
  2 howler monkeys
  An orc priest (D:3)
  A hound (D:5)
  An iguana (D:4)
  4 orc wizards
  4 gnolls
  7 adders
  A shadow imp (D:4)
  2 ufetubi (D:4)
  3 ribbon worms
  4 dart slugs
  7 orcs
  4 ball pythons
  A bat (D:3)
  2 endoplasms
  8 goblins
  3 hobgoblins (D:4)
  6 jackals
  3 quokkas (D:3)
  A frilled lizard (D:1)
  6 kobolds
  A rat (D:3)
75 creatures vanquished.

Vanquished Creatures (others)
  164 foxfires
164 creatures vanquished.

Grand Total: 239 creatures vanquished

Notes
Turn   | Place    | Note
-------+----------+-------------------------------------------
     0 | D:1      | iamserjio the Tengu Fire Elementalist began the quest for
                  | the Orb.
     0 | D:1      | Reached XP level 1. HP: 10/10 MP: 4/4
   149 | D:2      | Reached XP level 2. HP: 15/15 MP: 6/6
   339 | D:2      | Learned a level 2 spell: Scorch
   387 | D:2      | Reached skill level 4 in Fire Magic
   387 | D:2      | Reached XP level 3. HP: 19/19 MP: 7/7
   617 | D:4      | Reached XP level 4. HP: 24/24 MP: 2/8
   618 | D:4      | Found a burning altar of Makhleb.
   634 | D:4      | Noticed a small abomination
   643 | D:4      | Found a transporter.
   646 | D:4      | Noticed a small abomination
   657 | D:4      | Found a one-way gate to the infinite horrors of the Abyss.
   657 | D:4      | Noticed Wiebster667's ghost (amateur OnGl)
   703 | D:4      | Reached skill level 5 in Fire Magic
   703 | D:4      | Reached XP level 5. HP: 28/28 MP: 0/10
   713 | D:4      | Noticed a centaur
   723 | D:4      | Killed a centaur
   779 | D:3      | Reached XP level 6. HP: 26/32 MP: 2/11
   951 | D:3      | Reached skill level 6 in Fire Magic
  1011 | D:3      | Learned a level 3 spell: Inner Flame
  1016 | D:3      | Learned a level 4 spell: Flame Wave
  1122 | D:5      | Entered Level 5 of the Dungeon
  1165 | D:4      | Found a transporter.
  1177 | D:5      | Noticed Menkaure
  1183 | D:5      | Killed Menkaure
  1184 | D:5      | Gained mutation: Your magical flight helps you evade
                  | attacks. (EV +4) [Tengu growth]
  1184 | D:5      | Reached XP level 7. HP: 36/36 MP: 8/13
  1305 | D:5      | Noticed Blork the orc
  1311 | D:5      | Reached skill level 1 in Hexes
  1312 | D:5      | Killed Blork the orc
  1313 | D:5      | Reached skill level 5 in Conjurations
  1318 | D:5      | Reached skill level 7 in Fire Magic
  1360 | D:4      | Slain by a gnoll bouda

Illustrated notes

Levels and vault maps discovered:
D:1:      dpeg_arrival_rhombi, layout_basic
D:2:      layout_loops_ring
D:3:      layout_rooms, overflow_temple_1_default
D:4:      cheibrodos_greedy_goblins, layout_basic, mainiacjoe_overflow_alcove_1,
          gammafunk_ghost_abyssal_escape
D:5:      minmay_chambers_of_threes, layout_cave_pools,
          mainiacjoe_overflow_cross_hatched, uniq_blork_the_orc, uniq_edmund,
          uniq_menkaure

Skill      XL: |  1  2  3  4  5  6  7 |
---------------+----------------------+-----
Conjurations   | 2 3 4 5 |  5.3
Fire Magic     | 4 5 6 7 |  7.1
Spellcasting   | 3 4 |  4.1
Hexes          | 1 |  1.0
Dodging        | |  2.1
Stealth        | |  2.0

Action                     |  1- 3 |  4- 6 |  7- 9 || total
---------------------------+-------+-------+-------++-------
  Melee: War axe           |     2 |       |       ||     2
         Short sword       |    32 |    27 |    10 ||    69
         Peck              |     4 |     3 |     1 ||     8
         Unarmed           |     1 |       |       ||     1
         Kick              |     6 |     5 |     3 ||    14
         Punch             |       |     1 |       ||     1
   Cast: Foxfire           |    35 |    42 |    20 ||    97
         Scorch            |     3 |    11 |     9 ||    23
    Use: Potion            |       |       |     1 ||     1
 Armour: Robe              |    21 |    23 |    13 ||    57
  Dodge: Dodged            |    56 |    36 |    17 ||   109
  Block: Other             |       |     1 |     6 ||     7

Table legend: (Time is in decaauts)
 A = Elapsed time spent in this place.
 B = Non-inter-level travel time spent in this place.
 C = Inter-level travel time spent in this place.
 D = Time resting spent in this place.
 E = Time spent auto-exploring this place.
 F = Levels seen in this place.
 G = Mean time per level.
                   A        B        C        D        E       F      G
               +--------+--------+--------+--------+--------+-----+--------+
         Total |   1361 |   1246 |    115 |      5 |     47 |   5 |  272.2 |
       Dungeon |   1361 |   1246 |    115 |      5 |     47 |   5 |  272.2 |
               +--------+--------+--------+--------+--------+-----+--------+

Top non-repeatable levels by time:
     D:4: 481 daAuts
     D:2: 347 daAuts
     D:3: 247 daAuts
     D:1: 159 daAuts
     D:5: 125 daAuts
